AoeStats
← OM | Kerry Copyto

African Clearing

506574537Analyzed
4v4 RM · 19d ago on Sep 14, 2026· 55m 35s· 8 players
Game mode
Random Map
Map size
Large (8 player)
Population
200
Speed
Normal
Resources
Standard
Victory
Conquest
Starting age
Dark Age
Ending age
Imperial Age
RankedLock teamsTeams togetherTeam positionsShared explorationLock speedFull tech treeHidden civsTurbo modeCheats
Victory
Defeat
🇦🇷 Spanish · Argentina
1421
+15
🇦🇷 Malians · Argentina
1419
+15
🇦🇷 Huns · Argentina
1329
+19
🇧🇴 Ethiopians · Bolivia
1276
+20
🇲🇽 Vietnamese · Mexico
1436
-19
🇲🇽 Franks · Mexico
1390
-17
🇦🇷 Mongols · Argentina
1371
-17
🇲🇽 Armenians · Mexico
1355
-16
2 Legit 2 Quit
2:49 Loom
12:45 Feudal Age
13:34 Double-Bit Axe
19:09 Castle Age
17:56 Gold Mining
18:49 Horse Collar
19:24 Bloodlines
20:17 Forging
25:22 Scale Barding Armor
30:34 Wheelbarrow
30:22 Stone Mining
33:40 Fletching
34:32 Iron Casting
34:17 Chain Barding Armor
35:21 Hand Cart
34:52 Town Watch
41:49 Imperial Age
39:56 Husbandry
41:50 Bow Saw
42:40 Farimba
43:00 Conscription
42:40 Cavalier
43:57 Plate Barding Armor
44:36 Heavy Plow
45:49 Gold Shaft Mining
45:48 Crop Rotation
47:20 Onager
55:23 Bodkin Arrow
55:50 Ballistics
56:31 Chemistry
55:44 Masonry
55:18 Treadmill Crane
[Traidor] Staun
6:23 Loom
15:53 Feudal Age
24:30 Fletching
26:14 Double-Bit Axe
34:16 Castle Age
33:51 Padded Archer Armor
34:54 Bodkin Arrow
35:59 Bow Saw
35:22 Crossbowman
38:43 Leather Archer Armor
39:06 Squires
39:14 Scale Mail Armor
39:42 Arson
42:03 Chain Mail Armor
42:06 Gold Mining
43:11 Forging
42:58 Horse Collar
48:17 Wheelbarrow
50:31 Heavy Plow
51:34 Royal Heirs
52:31 Hand Cart
53:10 Iron Casting
53:58 Thumb Ring
54:35 Gold Shaft Mining
Anfauglir8434
8:15 Loom
12:15 Feudal Age
12:46 Double-Bit Axe
25:47 Fletching
26:45 Padded Archer Armor
30:45 Castle Age
31:24 Bodkin Arrow
30:54 Elite Skirmisher
38:26 Thumb Ring
38:45 Ballistics
52:14 Imperial Age
50:10 Leather Archer Armor
52:20 Wheelbarrow
53:13 Bracer
54:52 Chemistry
56:04 Chemistry
55:47 Parthian Tactics
MuyFloji
13:34 Feudal Age
14:45 Double-Bit Axe
17:31 Castle Age
16:55 Loom
18:50 Bow Saw
26:33 Padded Archer Armor
27:20 Horse Collar
27:39 Gold Mining
29:29 Leather Archer Armor
29:57 Town Watch
31:19 Wheelbarrow
30:59 Husbandry
31:13 Bloodlines
32:58 Hand Cart
40:11 Imperial Age
38:48 Heavy Plow
39:52 Fletching
40:25 Ballistics
40:37 Scale Mail Armor
40:47 Forging
39:59 Pikeman
40:40 Squires
40:45 Halberdier
42:44 Ring Archer Armor
42:50 Iron Casting
43:13 Chain Mail Armor
43:48 Elite Conquistador
44:49 Conscription
45:32 Chemistry
44:43 Masonry
48:05 Blast Furnace
47:10 Scale Barding Armor
46:29 Light Cavalry
49:13 Hussar
52:51 Chain Barding Armor
51:53 Cavalier
53:15 Paladin
55:20 Plate Barding Armor
GT_22
11:16 Loom
13:24 Feudal Age
17:51 Castle Age
15:54 Double-Bit Axe
19:02 Fletching
OM | Massiosare
6:59 Loom
11:57 Feudal Age
12:43 Man-at-Arms
22:11 Double-Bit Axe
29:47 Castle Age
28:03 Stone Mining
29:04 Gold Mining
31:29 Bow Saw
31:59 Gold Shaft Mining
31:07 Horse Collar
33:40 Fletching
36:30 Bodkin Arrow
37:04 Ballistics
36:46 Padded Archer Armor
42:28 Leather Archer Armor
47:20 Imperial Age
48:08 Bracer
48:40 Ring Archer Armor
50:21 Chemistry
48:46 Elite Composite Bowman
OM | Kerry Copyto
12:05 Loom
14:15 Feudal Age
16:03 Double-Bit Axe
17:30 Fletching
17:41 Padded Archer Armor
26:17 Castle Age
26:59 Bodkin Arrow
28:28 Crossbowman
35:29 Leather Archer Armor
38:34 Stone Mining
38:35 Gold Mining
38:34 Elite Skirmisher
39:53 Thumb Ring
49:44 Bow Saw
OM | Romeo D. Sins
3:09 Loom
12:26 Feudal Age
13:08 Double-Bit Axe
16:19 Forging
17:42 Scale Barding Armor
19:01 Gold Mining
20:59 Wheelbarrow
24:21 Castle Age
27:11 Bow Saw
39:41 Imperial Age
39:14 Chain Barding Armor
39:29 Iron Casting
39:06 Husbandry
40:19 Gold Shaft Mining
39:36 Stone Mining
39:50 Cavalier
41:06 Plate Barding Armor
42:14 Blast Furnace
41:41 Conscription
41:48 Paladin
44:58 Scale Mail Armor
45:21 Siege Engineers
46:04 Chain Mail Armor
45:27 Elite Throwing Axeman
46:53 #83
47:52 Plate Mail Armor
47:38 Town Watch
49:10 Fletching
49:57 Padded Archer Armor
50:42 Bodkin Arrow
51:57 Squires
51:43 Arson
51:43 Gambesons
52:12 Light Cavalry
Connection lost

Rejoining the realm…

Still unreachable

The connection could not be restored.

Session expired

The server has moved on; the page needs a fresh start.